 Dungeon Crawl Stone Soup version 0.30.1-11-g7821555f0a (webtiles) character file.

Game seed: 12654030253280481709

3779 Amplified the Blocker (level 10, -5/82 HPs)
             Began as a Gnoll Fighter on Nov 6, 2023.
             Was an Initiate of Ashenzari.
             Slain by a two-headed ogre
             ... wielding a +0 giant club
              (34 damage)
             ... on level 9 of the Dungeon on Nov 7, 2023.
             The game lasted 00:09:28 (7843 turns).

Amplified the Blocker (Gnoll Fighter)               Turns: 7843, Time: 00:09:29

Health: -5/82      AC: 10    Str: 17    XL:     10   Next: 16%
Magic:  17/17      EV: 13    Int: 13    God:    Ashenzari [......]
Gold:   449        SH:  0    Dex: 16    Spells: 19/19 levels left

rFire   . . .        d - +5 quarterstaff (chaos)
rCold   + . .        (shield currently unavailable)
rNeg    . . .        l - +0 ring mail of the Untouchables {rC+ Int+2}
rPois   .            i - +2 hat
rElec   .            j - scarf "Enlightened Negligence" {+Inv, Dex+5, Bglg, Melee} (curse)
rCorr   .            n - +0 pair of gloves
SInv    .            (no boots)
Will    .....        (no amulet)
Stlth   ++           (no ring)
HPRegen 0.33/turn    (no ring)
MPRegen 0.15/turn

%: no passive effects
@: no status effects
A: fangs 1, strong nose, distributed training
a: Renounce Religion, Evoke Invisibility, Shatter the Chains


You were on level 9 of the Dungeon.
You worshipped Ashenzari.
Ashenzari was noncommittal.
You visited 2 branches of the dungeon, and saw 10 of its levels.

You collected 449 gold pieces.

Inventory:

Hand Weapons
 a - a +0 war axe
 d - a +5 quarterstaff of chaos (weapon)
 e - a +2 dagger of speed
 h - a +3 hand axe of electrocution
Armour
 b - a +0 scale mail
 i - a +2 hat (worn)
 j - the cursed scarf "Enlightened Negligence" (worn) {+Inv, Dex+5, Bglg, Melee}
   (You found it on level 8 of the Dungeon)

   Dex:       It affects your dexterity (+5).
   It has a curse which improves the following skills: Beguiling: Conjurations,
   Hexes and Translocations.
   Melee Combat: Short Blades, Long Blades, Axes, Maces & Flails, Polearms,
   Staves and Unarmed Combat.
 l - the +0 ring mail of the Untouchables (worn) {rC+ Int+2}
   (You found it on level 4 of the Dungeon)

   Int:       It affects your intelligence (+2).
   rC:        It protects you from cold.
 n - a +0 pair of gloves (worn)
Jewellery
 f - a ring of fire
 x - a ring of fire
Wands
 r - a wand of charming (15)
 t - a wand of light (5)
 y - a wand of iceblast (10)
Scrolls
 c - 3 scrolls of teleportation
 g - a scroll of fog
 k - 3 scrolls of vulnerability
 q - 2 scrolls of brand weapon
 u - 5 scrolls of immolation
 v - 2 scrolls of amnesia
Potions
 o - 2 potions of resistance
 w - a potion of brilliance


   Skills:
 + Level 8.4 Fighting
 + Level 5.2(5.6) Short Blades
 + Level 5.2(5.6) Long Blades
 + Level 7.0(7.4) Axes
 + Level 5.2(5.6) Maces & Flails
 + Level 5.2(5.6) Polearms
 + Level 5.2(5.6) Staves
 + Level 5.2 Ranged Weapons
 + Level 5.2 Throwing
 + Level 8.4 Armour
 + Level 5.2 Dodging
 + Level 5.2 Stealth
 + Level 8.4 Shields
 + Level 5.2(5.6) Unarmed Combat
 + Level 5.2 Spellcasting
 + Level 4.3(4.6) Conjurations
 + Level 4.3(4.6) Hexes
 + Level 4.3 Summonings
 + Level 4.3 Necromancy
 + Level 4.3(4.6) Translocations
 + Level 4.3 Transmutations
 + Level 4.3 Fire Magic
 + Level 4.3 Ice Magic
 + Level 4.3 Air Magic
 + Level 4.3 Earth Magic
 + Level 4.3 Poison Magic
 + Level 5.7 Invocations
 + Level 5.2 Evocations


You had 19 spell levels left.
You didn't know any spells.
Your spell library contained the following spells:

 Spells                   Type           Power      Damage    Failure   Level
 Magic Dart               Conj           60%        1d6       4%          1
 Summon Small Mammal      Summ           56%        N/A       5%          1
 Call Imp                 Summ           28%        N/A       8%          2
 Summon Guardian Golem    Hex/Summ       15%        N/A       14%         3
 Call Canine Familiar     Summ           14%        N/A       16%         3
 Mephitic Cloud           Conj/Pois/Air  14%        N/A       16%         3
 Petrify                  Tmut/Erth      14%        N/A       45%         4
 Irradiate                Conj/Tmut      7%         3d14      80%         5
 Metabolic Englaciation   Hex/Ice        7%         N/A       80%         5
 Blade Hands              Tmut           7%         N/A       82%         5
 Statue Form              Tmut/Erth      9%         N/A       100%        6
 Dragon Form              Tmut           7%         N/A       100%        7


Dungeon Overview and Level Annotations

Branches:
Dungeon (9/15)             Temple (1/1) D:7
   Lair: D:8-11         Orc: D:9-12

Altars:
Ashenzari
Cheibriados
Hepliaklqana
Kikubaaqudgha
Makhleb
Nemelex Xobeh
Okawaru
Ru
Sif Muna
Trog
Uskayaw
Vehumet
Wu Jian
Yredelemnul
Zin
The Shining One

Shops:
D:5 :

Annotations:
D:3 2 transporters
D:8 Psyche


Innate Abilities, Weirdness & Mutations

You have very sharp teeth.
Your uncanny sense of smell can sniff out nearby items.
Your experience applies equally to all skills.


Message History

Press: ? - help, Q - select action, (/) - cycle Shift-Dir - straight line, f - two-headed ogre
Aim: a two-headed ogre, wielding two +0 giant clubs (79% to hit)
You throw a throwing net.
The throwing net hits the two-headed ogre.
The two-headed ogre is caught in the net!
You hit the two-headed ogre but do no damage.
The two-headed ogre resists with almost no effort.
You bite the two-headed ogre, but do no damage.
The two-headed ogre struggles against the net.
Unknown command.
You catch the helpless two-headed ogre completely off-guard!
You thump the two-headed ogre!
The two-headed ogre is moderately wounded.
The two-headed ogre struggles against the net.
You hit the two-headed ogre but do no damage.
You bite the two-headed ogre, but do no damage.
The two-headed ogre is moderately wounded.
The two-headed ogre struggles against the net.
Unknown command.
You hit the two-headed ogre. You burn the two-headed ogre.
The two-headed ogre is heavily wounded.
The two-headed ogre struggles against the net.
Unknown command.
You hit the two-headed ogre. You burn the two-headed ogre.
You bite the two-headed ogre, but do no damage.
The two-headed ogre is heavily wounded.
The two-headed ogre struggles against the net.
You catch the helpless two-headed ogre completely off-guard!
You sock the two-headed ogre! You burn the two-headed ogre.
You bite the two-headed ogre, but do no damage.
The two-headed ogre is almost dead.
The two-headed ogre struggles against the net.
The net rips apart, and the two-headed ogre comes free!
Unknown command.
You hit the two-headed ogre.
The two-headed ogre seems to grow stronger.
The two-headed ogre is almost dead.
The two-headed ogre barely misses you.
The two-headed ogre hits you with a +0 giant club!!
You die...

.. #...
#.....
#......
##.......
##.....[..
##.........
##O.........
#@†.........
##<.........
##.........
##........
##.......
#......
#..... #....
#...


You could see a two-headed ogre (strong).

Vanquished Creatures
  Pikel (D:7)
  Grinder (D:3)
  Sigmund (D:2)
  A wraith (D:8)
  Eustachio (D:5)
  4 yaks
  An acid dragon (D:6)
  A water moccasin (D:7)
  A black bear (D:4)
  2 ogres
  2 lemures (D:7)
  A kobold brigand (D:6)
  Blork the orc (D:4)
  A gnoll sergeant (D:7)
  2 scorpions
  5 wights
  5 killer bees
  A howler monkey (D:4)
  3 jellies
  2 hounds
  Crazy Yiuf (D:2)
  An orc priest (D:5)
  3 orc wizards
  A sleepcap (D:6)
  4 iguanas
  Terence (D:3)
  Robin (D:3)
  3 gnolls (D:8)
  10 adders
  3 river rats (D:3)
  A shadow imp (D:7)
  A white imp (D:6)
  2 ufetubi
  A worm (D:2)
  2 dart slugs
  14 orcs
  3 endoplasms
  3 giant cockroaches
  14 goblins
  14 hobgoblins
  6 jackals
  11 kobolds
  A quokka (D:2)
  7 ball pythons
  4 bats
  2 frilled lizards (D:1)
  5 rats
156 creatures vanquished.

Vanquished Creatures (others)
  2 hounds (D:5)
  2 goblin zombies
4 creatures vanquished.

Grand Total: 160 creatures vanquished

Notes
Turn   | Place    | Note
-------+----------+-------------------------------------------
     0 | D:1      | Amplified the Gnoll Fighter began the quest for the Orb.
     0 | D:1      | Reached XP level 1. HP: 23/23 MP: 1/1
   126 | D:1      | Reached XP level 2. HP: 24/29 MP: 2/2
   356 | D:1      | Reached XP level 3. HP: 23/35 MP: 3/3
  1101 | D:2      | Noticed Sigmund
  1110 | D:2      | Killed Sigmund
  1111 | D:2      | Reached skill level 1 in Short Blades
  1111 | D:2      | Reached skill level 1 in Long Blades
  1111 | D:2      | Reached skill level 1 in Maces & Flails
  1111 | D:2      | Reached skill level 1 in Polearms
  1111 | D:2      | Reached skill level 1 in Staves
  1111 | D:2      | Reached skill level 1 in Ranged Weapons
  1111 | D:2      | Reached skill level 1 in Throwing
  1111 | D:2      | Reached skill level 1 in Dodging
  1111 | D:2      | Reached skill level 1 in Stealth
  1111 | D:2      | Reached skill level 1 in Unarmed Combat
  1111 | D:2      | Reached skill level 1 in Spellcasting
  1111 | D:2      | Reached skill level 1 in Conjurations
  1111 | D:2      | Reached skill level 1 in Hexes
  1111 | D:2      | Reached skill level 1 in Summonings
  1111 | D:2      | Reached skill level 1 in Necromancy
  1111 | D:2      | Reached skill level 1 in Translocations
  1111 | D:2      | Reached skill level 1 in Transmutations
  1111 | D:2      | Reached skill level 1 in Fire Magic
  1111 | D:2      | Reached skill level 1 in Ice Magic
  1111 | D:2      | Reached skill level 1 in Air Magic
  1111 | D:2      | Reached skill level 1 in Earth Magic
  1111 | D:2      | Reached skill level 1 in Poison Magic
  1111 | D:2      | Reached skill level 1 in Invocations
  1111 | D:2      | Reached skill level 1 in Evocations
  1111 | D:2      | Reached XP level 4. HP: 41/41 MP: 4/6
  1111 | D:2      | Reached XP level 5. HP: 47/47 MP: 4/7
  1692 | D:2      | Found a runed translucent door.
  1693 | D:2      | Noticed Crazy Yiuf
  1876 | D:2      | Killed Crazy Yiuf
  1877 | D:2      | Reached XP level 6. HP: 53/53 MP: 8/8
  1973 | D:3      | Reached skill level 5 in Axes
  1980 | D:3      | Noticed Robin
  1984 | D:3      | Killed Robin
  2262 | D:3      | Noticed Grinder
  2280 | D:3      | Paralysed by Grinder for 5 turns
  2287 | D:3      | Killed Grinder
  2288 | D:3      | Reached XP level 7. HP: 34/60 MP: 10/10
  2398 | D:3      | Noticed Terence
  2405 | D:3      | Killed Terence
  2510 | D:3      | Found a transporter.
  2515 | D:3      | Found a sacrificial altar of Ru.
  2516 | D:3      | Found a transporter.
  2518 | D:3      | Found a burning altar of Makhleb.
  3327 | D:4      | Reached XP level 8. HP: 67/67 MP: 12/12
  3381 | D:4      | Noticed Blork the orc
  3391 | D:4      | Killed Blork the orc
  3449 | D:4      | Identified the +0 ring mail of the Untouchables {rC+ Int+2}
  3943 | D:5      | Entered Level 5 of the Dungeon
  3943 | D:5      | Noticed Eustachio
  3961 | D:5      | Killed Eustachio
  4274 | D:5      | Found Rauro's Tiny Tomes.
  4647 | D:6      | Found a radiant altar of Vehumet.
  5092 | D:6      | Reached XP level 9. HP: 60/73 MP: 14/14
  5331 | D:6      | Found a faded altar of an unknown god.
  5333 | D:6      | Found a hazy altar of Hepliaklqana.
  5887 | D:7      | Noticed Pikel
  6222 | D:7      | Found a staircase to the Ecumenical Temple.
  6259 | Temple   | Entered the Ecumenical Temple
  6264 | Temple   | Became a worshipper of Ashenzari the Shackled
  6462 | D:7      | Killed Pikel
  6463 | D:7      | Reached skill level 5 in Invocations
  7458 | D:7      | Reached skill level 5 in Short Blades
  7458 | D:7      | Reached skill level 5 in Long Blades
  7458 | D:7      | Reached skill level 5 in Maces & Flails
  7458 | D:7      | Reached skill level 5 in Polearms
  7458 | D:7      | Reached skill level 5 in Staves
  7458 | D:7      | Reached skill level 5 in Ranged Weapons
  7458 | D:7      | Reached skill level 5 in Throwing
  7458 | D:7      | Reached skill level 5 in Dodging
  7458 | D:7      | Reached skill level 5 in Stealth
  7458 | D:7      | Reached skill level 5 in Unarmed Combat
  7458 | D:7      | Reached skill level 5 in Spellcasting
  7458 | D:7      | Reached skill level 5 in Evocations
  7458 | D:7      | Reached XP level 10. HP: 72/81 MP: 17/17
  7473 | D:8      | Identified the scarf "Boasipiutz" {+Inv, Dex+5}
  7509 | D:8      | Found a snail-covered altar of Cheibriados.
  7664 | D:8      | Noticed Psyche
  7835 | D:9      | Noticed a two-headed ogre
  7843 | D:9      | Slain by a two-headed ogre

Illustrated notes

Levels and vault maps discovered:
D:1:      dpeg_arrival_three_same_balls, layout_loops_ring, hex_large
D:2:      layout_rooms, minmay_tree_intersection, uniq_sigmund,
          uniq_crazy_yiuf_cottage
D:3:      layout_basic, gammafunk_temple_overflow_arena, portal_sewer_entry_c,
          guppyfry_early_lair_pool, uniq_robin, uniq_terence, uniq_grinder
D:4:      layout_basic, kennysheep_generic_room_4, uniq_blork_the_orc
D:5:      layout_rooms, minmay_holes, nicolae_shop_i_like_small_books_too,
          uniq_eustachio
D:6:      layout_cave_pools, beargit_hepliaklqana_dungeon_heroes,
          general_overflow_altar, kennysheep_boxes
D:7:      layout_layer_cave, minmay_temple_entry_sparse_star,
          hangedman_decor_opposing, minmay_misc_feat_five, uniq_pikel
D:8:      layout_rooms, old_standard_altar, serial_shops, shop, uniq_psyche
D:9:      layout_big_octagon, grunt_temple_overflow_forces_of_nature,
          chequers_serial_rivers_large_a, lemuel_flame_loot_1
Temple:   hellmonk_temple_two_chambers

Skill      XL: |  1  2  3  4  5  6  7  8  9 10 |
---------------+-------------------------------+-----
Short Blades   | 1 2 3 5 |  5.2
Long Blades    | 1 2 3 5 |  5.2
Maces & Flails | 1 2 3 5 |  5.2
Polearms       | 1 2 3 5 |  5.2
Staves         | 1 2 3 5 |  5.2
Ranged Weapons | 1 2 3 5 |  5.2
Throwing       | 1 2 3 5 |  5.2
Dodging        | 1 2 3 5 |  5.2
Stealth        | 1 2 3 5 |  5.2
Unarmed Combat | 1 2 3 5 |  5.2
Spellcasting   | 1 2 3 5 |  5.2
Conjurations   | 1 2 3 4 |  4.3
Hexes          | 1 2 3 4 |  4.3
Summonings     | 1 2 3 4 |  4.3
Necromancy     | 1 2 3 4 |  4.3
Translocations | 1 2 3 4 |  4.3
Transmutations | 1 2 3 4 |  4.3
Fire Magic     | 1 2 3 4 |  4.3
Ice Magic      | 1 2 3 4 |  4.3
Air Magic      | 1 2 3 4 |  4.3
Earth Magic    | 1 2 3 4 |  4.3
Poison Magic   | 1 2 3 4 |  4.3
Invocations    | 1 2 3 4 5 |  5.7
Evocations     | 1 2 3 5 |  5.2
Axes           | 5 6 7 |  7.0
Fighting       | 7 8 |  8.4
Armour         | 7 8 |  8.4
Shields        | 7 8 |  8.4

Action                     |  1- 3 |  4- 6 |  7- 9 | 10-12 || total
---------------------------+-------+-------+-------+-------++-------
  Melee: War axe           |    19 |       |       |       ||    19
         Bite              |     8 |    10 |    39 |     9 ||    66
         Dagger            |    69 |    52 |       |       ||   121
         Quarterstaff      |       |    55 |   306 |    48 ||   409
  Throw: Throwing net      |       |       |       |     2 ||     2
 Invoke: Curse Item        |       |       |       |     1 ||     1
  Evoke: Wand              |       |       |     1 |       ||     1
    Use: Scroll            |     2 |     6 |    11 |       ||    19
         Potion            |     1 |     2 |     7 |     1 ||    11
   Stab: Confused          |       |       |     2 |       ||     2
         Sleeping          |       |       |     1 |       ||     1
         Held in net/web   |       |       |       |     2 ||     2
 Armour: Scale mail        |    30 |    28 |    50 |       ||   108
         Ring mail         |       |       |   103 |    27 ||   130
  Dodge: Dodged            |    35 |    39 |   184 |    55 ||   313
  Block: Buckler           |    24 |     9 |       |       ||    33
